Map: Chantier naval orbital

Players

Worming - Winner!

  • Race: Zerg Zerg
  • League: Diamond

ZagerTSRrush

  • Race: Protoss Protoss
  • League: Platinum

VOD

Have the link to the VOD?

Description

Time

  • Played on: Nov. 26, 2015, 2:53 p.m.
  • Length: 10:33
Show
View Real Time Build Order
Export as new Build Order

Worming Zerg - Winner!

Build Orders: Hatch First, Lurkers 

Get SALT Encoding   

  12  0:01  Drone  
  13  0:08  Drone  
  14  0:20  Drone, Extractor x2  
  13  0:21  Drone  
  16  0:43  Hatchery  
  15  0:59  Spawning Pool  
  14  1:07  Overlord  
  14  1:12  Extractor  
  14  1:13  Drone  
  15  1:36  Hatchery  
  14  1:42  Drone x2  
  16  1:54  Queen  
  16  1:57  Drone  
  19  2:01  Drone  
  19  2:05  Drone  
  19  2:08  Drone  
  22  2:20  Zergling x6  
  25  2:26  Zergling x2  
  25  2:28  Overlord, Extractor  
  25  2:38  Zergling x4  
  27  2:47  Zergling x2  
  28  2:51  Zergling x2  
  28  2:58  Overlord  
  29  3:01  Zergling x4  
  29  3:02  Zergling x2  
  32  3:07  Zergling x6  
  32  3:32  Drone x8  
  39  3:45  Queen  
  39  3:47  Drone x3  
  44  3:52  Metabolic Boost  
  36  4:26  Drone x11  
  36  4:27  Drone  
  46  4:39  Drone x3  
  46  4:43  Lair  
  46  4:44  Extractor  
  48  4:46  Extractor  
  48  4:48  Evolution Chamber  
  48  4:50  Overlord  
  46  4:59  Overlord  
  46  5:01  Drone x4  
  46  5:02  Overlord  
  46  5:03  Overlord  
  50  5:08  Queen x2  
  54  5:16  Zerg Missile Weapons Level 1, Roach Warren  
  54  5:17  Drone x4  
  57  5:23  Extractor  
  57  5:24  Overlord  
  57  5:26  Drone x3  
  59  5:29  Zergling x2  
  59  5:30  Zergling x2  
  59  5:34  Zergling x2  
  59  5:35  Zergling x6  
  65  5:49  Drone x2  
  68  5:50  Drone  
  68  5:51  Drone x2  
  70  5:59  Drone  
  70  6:00  Drone x4  
  70  6:01  Overlord  
  70  6:02  Glial Reconstitution  
  75  6:18  Roach x4  
  83  6:30  Overlord x2  
  83  6:31  Extractor  
  83  6:32  Extractor  
  81  6:33  Drone  
  81  6:35  Hydralisk Den  
  81  6:38  Roach x6  
  81  6:39  Roach x2, Spine Crawler  
  96  6:40  Overlord  
  96  6:56  Roach  
  96  6:57  Roach x6  
  110  7:06  Roach x6  
  122  7:11  Overlord x2  
  122  7:13  Spine Crawler x2  
  120  7:19  Roach  
  117  7:33  Lurker Den  
  117  7:34  Overlord x2  
  117  7:36  Drone x3  
  121  7:37  Drone x3  
  121  7:39  Roach x5  
  121  7:41  Ravager x4  
  130  7:57  Overlord  
  130  7:58  Overlord  
  122  7:59  Zergling x12  
  124  8:16  Zergling x4  
  126  8:24  Hydralisk x2  
  126  8:25  Hydralisk x8  
  146  8:32  Zergling x2  
  146  8:33  Zergling x2  
  148  8:36  Hatchery  
  138  8:54  Roach  
  138  8:55  Roach x2  
  137  9:09  Lurker x6  
  141  9:11  Overlord x2  
  141  9:12  Zergling x24  
  153  9:37  Zergling x14  
  153  9:38  Zergling x8  
  163  9:46  Pneumatized Carapace  
  163  9:47  Overseer  
Show
View Real Time Build Order
Export as new Build Order

ZagerTSRrush Protoss 

Build Orders: Nexus First 

Get SALT Encoding   

  12  0:01  Probe (Chrono Boost)  
  13  0:12  Probe (Chrono Boost)  
  14  0:17  Pylon  
  14  0:22  Probe (Chrono Boost)  
  16  0:36  Probe (Chrono Boost)  
  16  0:46  Probe (Chrono Boost)  
  17  0:58  Nexus  
  17  1:08  Gateway  
  17  1:16  Assimilator  
  17  1:19  Probe (Chrono Boost)  
  17  1:24  Pylon  
  18  1:31  Probe (Chrono Boost)  
  19  1:42  Probe (Chrono Boost)  
  20  1:56  Cybernetics Core  
  20  1:57  Probe (Chrono Boost)  
  21  2:17  Nexus  
  21  2:19  Probe (Chrono Boost)  
  21  2:21  Probe (Chrono Boost)  
  23  2:33  Pylon  
  23  2:34  Mothership Core (Chrono Boost)  
  25  2:39  Adept  
  25  2:42  Probe (Chrono Boost)  
  28  2:52  Probe (Chrono Boost)  
  28  2:53  Probe (Chrono Boost)  
  28  2:57  Warp Gate  
  30  3:03  Probe x2 (Chrono Boost)  
  30  3:05  Pylon  
  32  3:09  Pylon  
  32  3:13  Probe (Chrono Boost)  
  31  3:27  Probe (Chrono Boost)  
  31  3:28  Probe (Chrono Boost)  
  31  3:31  Adept (Chrono Boost)  
  31  3:33  Assimilator  
  35  3:35  Pylon  
  35  3:37  Probe (Chrono Boost)  
  35  3:38  Probe (Chrono Boost)  
  37  3:42  Probe (Chrono Boost)  
  37  3:46  Probe (Chrono Boost)  
  39  3:51  Gateway  
  39  3:52  Probe  
  40  3:57  Adept (Chrono Boost)  
  41  4:23  Probe  
  41  4:24  Probe  
  39  4:25  Probe  
  42  4:34  Probe x2  
  42  4:37  Probe  
  44  4:41  Adept (Chrono Boost)  
  44  4:44  Gateway, Probe  
  44  4:45  Probe  
  46  4:46  Gateway  
  46  4:47  Gateway  
  46  4:49  Probe  
  46  4:51  Gateway  
  49  4:54  Gateway  
  49  4:55  Probe x2  
  49  4:56  Assimilator  
  51  5:03  Pylon  
  51  5:04  Pylon  
  51  5:08  Pylon  
  51  5:14  Probe x2  
  51  5:15  Probe  
  54  5:24  Probe x2  
  54  5:26  Twilight Council x2  
  54  5:27  Probe (Chrono Boost)  
  57  5:30  Gateway  
  57  5:36  Probe x2 (Chrono Boost)  
  57  5:39  Probe (Chrono Boost)  
  60  5:47  Gateway  
  60  5:51  Gateway  
  60  5:55  Gateway  
  60  6:03  Charge (Chrono Boost)  
  60  6:07  Zealot x2  
  60  6:08  Zealot x2  
  60  6:09  Zealot x3  
  67  6:33  Robotics Facility  
  67  6:34  Robotics Facility  
  67  6:37  Nexus  
  67  6:43  Zealot x5  
  77  6:47  Zealot  
  77  6:49  Zealot  
  81  6:57  Zealot  
  83  7:04  Probe  
  83  7:06  Probe  
  83  7:07  Pylon  
  85  7:09  Pylon  
  85  7:11  Zealot x4, Pylon  
  85  7:15  Zealot  
  95  7:23  Zealot x2  
  95  7:24  Zealot  
  95  7:25  Zealot  
  103  7:32  Zealot  
  103  7:33  Zealot x2  
  109  7:37  Zealot  
  107  7:49  Zealot x5  
  107  7:50  Probe  
  107  7:51  Probe  
  91  8:12  Robotics Bay  
  75  8:16  Immortal x2  
  77  8:21  Pylon  
  77  8:23  Pylon  
  77  8:25  Pylon  
  77  8:30  Zealot x5  
  71  8:51  Sentry x2  
  71  8:52  Sentry x3  
  71  8:53  Zealot x3  
  71  8:54  Zealot  
  88  8:55  Immortal (Chrono Boost)  
  88  9:08  Zealot x2  
  87  9:10  Disruptor (Chrono Boost)  
  90  9:24  Stalker x5  
  94  9:26  Zealot  
  102  9:34  Disruptor (Chrono Boost)  
  105  9:38  Adept x3  
  105  9:44  Disruptor (Chrono Boost)  
  114  9:46  Assimilator  
  114  9:51  Assimilator  
  103  10:04  Nexus  
Tags
 
Add a new tag
Caveats
  • Supply blocks, unpowered buildings, or Contaminate may cause inaccurate times.
  • Supply counts are checked every 10 seconds.